 Dungeon Crawl Stone Soup version 0.26.1-11-gd32895ea62 (webtiles) character file.

Game seed: 5801349038703885899

70 Zeld the Chopper (level 4, -1/41 HPs)
             Began as a Hill Orc Monk on June 7, 2021.
             Slain by Sigmund
             ... wielding a +0 vorpal scythe
              (9 damage)
             ... on level 3 of the Dungeon.
             The game lasted 00:06:13 (2441 turns).

Zeld the Chopper (Hill Orc Monk)                    Turns: 2441, Time: 00:06:13

Health: -1/41      AC:  3    Str: 14    XL:     4   Next: 21%
Magic:  4/4        EV: 13    Int: 10    God:
Gold:   44         SH:  0    Dex: 13    Spells: 3/3 levels left

rFire    . . .     SeeInvis .   a - +0 hand axe
rCold    . . .     Faith    .   (no shield)
rNeg     . . .     Spirit   .   b - +0 robe
rPois    .         Reflect  .   d - +0 helmet
rElec    .         Harm     .   (no cloak)
rCorr    .         Rampage  .   (no gloves)
Will     .....                  (no boots)
Stlth    ++........             (no amulet)
HPRegen  0.13/turn              (no ring)
MPRegen  0.09/turn              (no ring)

@: lethally poisoned (-1 -> -11)
A: no striking features
a: no special abilities


You were on level 3 of the Dungeon.
You visited 1 branch of the dungeon, and saw 3 of its levels.

You collected 44 gold pieces.

Inventory:

Hand Weapons
 a - a +0 hand axe (weapon)
Armour
 b - a +0 robe (worn)
 d - a +0 helmet (worn)
Scrolls
 c - 3 scrolls of identify {unknown}
 e - a scroll of noise {unknown}
 f - a scroll of amnesia {unknown}


   Skills:
 + Level 4.3 Fighting
 * Level 5.4 Axes
 + Level 2.9 Dodging
 - Level 1.5 Stealth


You had 3 spell levels left.
You didn't know any spells.
Your spell library was empty.

Dungeon Overview and Level Annotations

Branches:
Dungeon (3/15)

Altars:

Annotations:
D:3 Sigmund


Message History

You feel sick.
You feel sick. The adder closely misses you.
You hit the adder.
The adder is almost dead.
You feel sick. Sigmund misses you. The adder misses you.
You miss the adder.
The adder is almost dead.
You feel sick. The adder misses you.
You barely miss the adder.
The adder is almost dead.
The adder bites you.
You are more poisoned.
The adder poisons you! Sigmund closely misses you.
You hit the adder but do no damage.
The adder is almost dead.
You feel sick. The adder bites you.
* * * LOW HITPOINT WARNING * * *
Sigmund hits you from afar with a +0 vorpal scythe!
You die...

≈♣P≈P)≈♣♣#.##.(((.......#
≈≈≈≈≈≈≈≈≈≈.##...$.......#
≈≈≈≈≈≈≈≈≈♣≈##...........##.#
≈≈≈≈≈≈P≈≈≈≈##.>..(.........#
≈≈≈≈♣≈≈≈≈≈≈#####.......##
≈≈≈≈≈P≈♣♣≈'#####.......#
≈≈PP≈≈P♣♣(.............##
≈P♣P≈≈≈≈.(.........).......
≈≈≈♣≈♣P♣........@S@).♣≈.♣♣#
♣♣♣≈≈#...(...........♣♣≈≈♣
♣#.###..(............♣ .♣♣
##.# #..((.......##♣♣♣ .P
#.# #.†.........♣ ♣ #.#
#...........P #.#
#....)..$....
##.####'#########. ........#


You could see Sigmund and an adder.

Vanquished Creatures
  Robin (D:1)
  A gnoll (D:2)
  An adder (D:3)
  3 orcs (D:3)
  2 bats (D:3)
  13 goblins
  5 hobgoblins
  A quokka (D:3)
  3 frilled lizards
  A rat (D:1)
31 creatures vanquished.

Vanquished Creatures (others)
  19 plants (D:3)
19 creatures vanquished.

Grand Total: 50 creatures vanquished

Notes
Turn   | Place    | Note
-------+----------+-------------------------------------------
     0 | D:1      | Zeld the Hill Orc Monk began the quest for the Orb.
     0 | D:1      | Reached XP level 1. HP: 19/19 MP: 1/1
   114 | D:2      | Noticed Robin
   121 | D:1      | Reached XP level 2. HP: 12/27 MP: 2/2
   123 | D:1      | Killed Robin
   140 | D:1      | Reached XP level 3. HP: 10/33 MP: 3/3
   585 | D:2      | Reached skill level 5 in Axes
  2201 | D:3      | Reached XP level 4. HP: 15/40 MP: 4/4
  2426 | D:3      | Noticed Sigmund
  2441 | D:3      | Slain by Sigmund

Illustrated notes

Levels and vault maps discovered:
D:1:      dpeg_arrival_erosion, layout_loops_cross, serial_bayou_pond_d,
          st_stairs_5
D:2:      layout_loops_corners, serial_rivers, chequers_serial_rivers_large_a,
          chequers_serial_rivers_marsh, chequers_serial_rivers_small_b,
          chequers_serial_rivers_room_a, uniq_robin
D:3:      layout_basic, serial_bayou, serial_bayou_shore_a, serial_bayou_lake_a,
          serial_bayou_shore_b, serial_bayou_crossing, serial_bayou_pond_d,
          serial_bayou_pond_e, uniq_natasha, uniq_crazy_yiuf_cottage,
          uniq_sigmund

Skill      XL: |  1  2  3 |
---------------+----------+-----
Fighting       | 4 |  4.3
Axes           | 5 |  5.4
Dodging        | |  2.9
Stealth        | |  1.5

Action                   |  1- 3 |  4- 6 || total
-------------------------+-------+-------++-------
Melee: Hand axe          |    97 |    19 ||   116
Armor: Robe              |    20 |     3 ||    23
Dodge: Dodged            |    91 |    19 ||   110
